 Dungeon Crawl Stone Soup version 0.27-a0-1312-g5cdb2b3542 (webtiles) character file.

Game seed: 13861126616792078296

348 trckry the Firebug (level 6, -1/35 HPs)
             Began as a Deep Elf Fire Elementalist on June 19, 2021.
             Slain by an ice beast (13 damage)
             ... on level 3 of the Dungeon.
             The game lasted 00:13:41 (3178 turns).

trckry the Firebug (Deep Elf Fire Elementalist)     Turns: 3178, Time: 00:13:41

Health: -1/35      AC:  2    Str:  7    XL:     6   Next: 33%
Magic:  9/12       EV: 13    Int: 20    God:
Gold:   139        SH:  0    Dex: 15    Spells: 7/11 levels left

rFire    . . .     SeeInvis .   d - +0 dagger (elec)
rCold    . . .     Faith    .   (no shield)
rNeg     . . .     Spirit   .   a - +0 robe
rPois    .         Reflect  .   (no helmet)
rElec    .         Harm     .   e - scarf {+Inv}
rCorr    .         Rampage  .   (no gloves)
Will     .....                  (no boots)
Stlth    ++........             c - amulet of regeneration
HPRegen  1.11/turn              (no ring)
MPRegen  0.13/turn              (no ring)

@: no status effects
A: no striking features
a: Evoke Invisibility


You were on level 3 of the Dungeon.
You visited 1 branch of the dungeon, and saw 3 of its levels.

You collected 139 gold pieces.

Inventory:

Hand Weapons
 d - a +0 dagger of electrocution (weapon)
Missiles
 j - 2 throwing nets
 m - 21 poisoned darts
Armour
 a - a +0 robe (worn)
 e - a scarf of invisibility (worn)
Jewellery
 c - an amulet of regeneration (around neck)
Scrolls
 b - a scroll of acquirement {unknown}
 f - a scroll of torment {unknown}
 i - a scroll of amnesia {unknown}
 l - a scroll of fog {unknown}
 o - a scroll of identify {unknown}
Potions
 g - a potion of lignification {unknown}
 h - a potion of flight {unknown}
 k - 3 potions of cancellation {unknown}
 n - a potion of ambrosia {unknown}


   Skills:
 + Level 1.8 Fighting
 + Level 3.8 Dodging
 - Level 2.4 Stealth
 + Level 3.0 Spellcasting
 * Level 4.2 Conjurations
 * Level 5.2 Fire Magic


You had 7 spell levels left.
You knew the following spells:

 Your Spells              Type           Power      Damage    Failure   Level
a - Foxfire               Conj/Fire      88%        2x1d8     1%          1
b - Conjure Flame         Conj/Fire      22%        6-21      6%          3

Your spell library contained the following spells:

 Spells                   Type           Power      Damage    Failure   Level
 Shock                    Conj/Air       44%        1d5       6%          1
 Static Discharge         Conj/Air       11%        N/A       9%          2
 Inner Flame              Hex/Fire       13%        N/A       14%         3
 Sticky Flame             Conj/Fire      22%        2d4       21%         4
 Swiftness                Air            3%         N/A       38%         3
 Fireball                 Conj/Fire      11%        3d7       50%         5
 Airstrike                Air            1%         N/A       80%         4
 Lightning Bolt           Conj/Air       5%         1d17      86%         5


Dungeon Overview and Level Annotations

Branches:
Dungeon (3/15)

Altars:
Elyvilon
Xom
Beogh

Shops:
D:1 *   D:3 (

Annotations:
D:3 1 transporter


Message History

The iguana is almost dead.
The iguana bites you!
You take 13 damage, and have 16/35 hp.
MASSIVE DAMAGE!!
You hit the iguana but do no damage. Lightning courses through the iguana!
You kill the iguana!
You regained 2 hp, and now have 18/35 hp.
Casting: Foxfire (safe; 1% risk of failure)
Confirm with . or Enter, or press ? or * to list all spells.
You conjure some foxfire!
The ice beast hits you. The ice beast freezes you!
* * * LOW HITPOINT WARNING * * *
You take 11 damage, and have 8/35 hp.
MASSIVE DAMAGE!!
You now have 11/12 mp.
Your foxfire dissipates!
The foxfire hits the ice beast but does no damage.
MP restored: 12 You regained 2 hp, and now have 17/35 hp.
The frilled lizard closely misses you.
You regained 2 hp, and now have 27/35 hp.
The ice beast hits you. The ice beast freezes you!
You take 7 damage, and have 22/35 hp.
Things that are here:
a +0 mace; a +0 ring mail; an orc corpse
Casting: Foxfire (safe; 1% risk of failure)
Confirm with . or Enter, or press ? or * to list all spells.
You conjure some foxfire!
The ice beast hits you. The ice beast freezes you.
You take 7 damage, and have 17/35 hp.
You now have 11/12 mp.
The foxfire hits the ice beast.
The ice beast is lightly wounded.
The foxfire hits the ice beast.
The ice beast is lightly wounded.
Casting: Foxfire (safe; 1% risk of failure)
Confirm with . or Enter, or press ? or * to list all spells.
You conjure some foxfire!
The ice beast hits you. The ice beast freezes you!
You take 8 damage, and have 11/35 hp.
MASSIVE DAMAGE!!
You now have 10/12 mp.
Your foxfire dissipates!
The foxfire hits the ice beast.
The ice beast is lightly wounded.
Casting: Foxfire (safe; 1% risk of failure)
Confirm with . or Enter, or press ? or * to list all spells.
You conjure some foxfire!
The ice beast hits you. The ice beast freezes you!
You die...

#.......##..#########..#
####.##....##...©...##.#
####.......#8.##.##.8#.#
.....#####.#$(##)##..#.##
.###.......#.?.......#..##
.#.....#..©#_$....©..#©..#
.#.....##..#)[..l....#...#
.#.....###.#$?##Y##..#.#.#
.#.....# #.#8.##@##.8#.#.#
.#.....# #.##..v.v..##.#.#
####.#####..#########..#.#
#.......###...........##.#
#.##.##.# #.############.#
.....##.# #.# #.#
###..##.###.# #.# #
##.##.....# #.# ##..†#####
#.#


You could see an ice beast (ally target) and a frilled lizard.

Vanquished Creatures
  Grinder (D:3)
  An iguana (D:3)
  Robin (D:2)
  3 gnolls (D:2)
  3 adders
  A dart slug (D:2)
  2 orcs
  2 bats
  An endoplasm (D:3)
  A giant cockroach (D:3)
  17 goblins
  9 hobgoblins
  4 jackals
  6 kobolds
  2 quokkas (D:2)
  7 ball pythons
  2 frilled lizards
  5 rats
68 creatures vanquished.

Vanquished Creatures (others)
  187 foxfires
187 creatures vanquished.

Grand Total: 255 creatures vanquished

Notes
Turn   | Place    | Note
-------+----------+-------------------------------------------
     0 | D:1      | trckry the Deep Elf Fire Elementalist began the quest for
                  | the Orb.
     0 | D:1      | Reached XP level 1. HP: 10/10 MP: 6/6
   381 | D:1      | Reached XP level 2. HP: 15/15 MP: 5/8
   424 | D:1      | Found a white marble altar of Elyvilon.
   723 | D:1      | Found Nienaps's Assorted Antiques.
  1218 | D:2      | Reached XP level 3. HP: 20/20 MP: 1/9
  1404 | D:2      | Reached skill level 4 in Fire Magic
  1597 | D:2      | Reached skill level 1 in Fighting
  1674 | D:2      | Reached XP level 4. HP: 25/25 MP: 5/10
  1781 | D:2      | Found a faded altar of an unknown god.
  1873 | D:2      | Noticed Robin
  1881 | D:2      | Killed Robin
  2353 | D:3      | Found Haukhlogu's Weapon Emporium.
  2463 | D:3      | Noticed Grinder
  2485 | D:3      | Learned a level 3 spell: Conjure Flame
  2518 | D:3      | HP: 3/25 [Grinder/nerve-wracking pain (13)]
  2530 | D:3      | Paralysed by Grinder for 2 turns
  2534 | D:3      | Killed Grinder
  2535 | D:3      | Reached skill level 5 in Fire Magic
  2535 | D:3      | Reached XP level 5. HP: 23/30 MP: 2/11
  2535 | D:3      | Reached XP level 6. HP: 26/35 MP: 2/12
  2825 | D:3      | Found a transporter.
  2830 | D:3      | Found a transporter.
  2832 | D:3      | Noticed an ice beast
  2861 | D:3      | Found a shimmering altar of Xom.
  3178 | D:3      | Slain by an ice beast

Illustrated notes

Levels and vault maps discovered:
D:1:      sevenhm_arrival_forest_fort_large_3, layout_loops_ring, serial_shops,
          shop_statue, minmay_hexomino_r4
D:2:      layout_loops_ring, hellmonk_ecumenical_altar_defaced_shrine,
          corexii_leaking_fountain, uniq_robin
D:3:      layout_loops_cross, gammafunk_temple_overflow_arena, serial_shops,
          shop, minmay_liquid_box, minmay_misc_feat_ornament,
          chequers_serial_rivers_micro_c, uniq_grinder

Skill      XL: |  1  2  3  4 |
---------------+-------------+-----
Conjurations   | 2 4 |  4.2
Fire Magic     | 4 5 |  5.2
Fighting       | 1 |  1.8
Dodging        | 3 |  3.8
Stealth        | |  2.4
Spellcasting   | |  3.0

Action                   |  1- 3 |  4- 6 || total
-------------------------+-------+-------++-------
Melee: Dagger            |    20 |    35 ||    55
 Cast: Foxfire           |    67 |    55 ||   122
Armor: Robe              |     6 |     6 ||    12
Dodge: Dodged            |    34 |    21 ||    55

Table legend: (Time is in decaauts)
 A = Elapsed time spent in this place.
 B = Non-inter-level travel time spent in this place.
 C = Inter-level travel time spent in this place.
 D = Time resting spent in this place.
 E = Time spent auto-exploring this place.
 F = Levels seen in this place.
 G = Mean time per level.
                   A        B        C        D        E       F      G
               +--------+--------+--------+--------+--------+-----+--------+
         Total |   3179 |   3049 |    130 |     77 |   2347 |   3 | 1059.7 |
       Dungeon |   3179 |   3049 |    130 |     77 |   2347 |   3 | 1059.7 |
               +--------+--------+--------+--------+--------+-----+--------+

Top non-repeatable levels by time:
     D:1: 1152 daAuts
     D:2: 1054 daAuts
     D:3: 973 daAuts
